[Event "Titled Tuesday Blitz May 9 Late 2023"]
[White "mjelcic"]
[Black "Ansh M Shah"]
[BlackFideId "25033379"]
[WhiteElo "2223"]
[BlackElo "2084"]
[Result "0-1"]
[Round "06"]
[TimeControl "180+2"]
[Date "2023.05.09"]
[WhiteClock "0:00:00"]
[BlackClock "0:00:03"]

1. c4 Nf6 2. g3 e6 3. Bg2 d5 4. Nf3 dxc4 5. Na3 a6 6. Nxc4 b5 7. Nce5 Bb7 8. O-O Nbd7 9. Nxd7 Qxd7 10. Ne5 Qc8 11. Nc6 Bd6 12. Qc2 O-O 13. d3 Nd5 14. Bd2 Qd7 15. Rac1 Rae8 16. a3 Ba8 17. b4 Ne7 18. Be3 Nf5 19. Bd2 h6 20. Rfd1 Qc8 21. Bc3 Bb7 22. Bb2 Qa8 23. Qc3 f6 24. Qb3 Kh8 25. d4 Ne7 26. Qc2 Nd5 27. e4 Nb6 28. e5 Be7 29. Qe4 Nd5 30. Na5 f5 31. Qf3 Rc8 32. Nxb7 Qxb7 33. Rc2 Rfd8 34. Rdc1 c6 35. Qd1 Rc7 36. Bxd5 Rxd5 37. Qd3 Qb6 38. Qe3 Bg5 39. f4 Be7 40. Kg2 Rd8 41. Rd1 Qb7 42. Qf3 Rd5 43. Rdc1 Qb6 44. Ba1 Rd8 45. Bb2 Kg8 46. Rxc6 Rxc6 47. Qxc6 Qa7 48. Qxe6+ Kh8 49. Rc8 Qb7+ 50. d5 Qxc8 0-1


[Site "https://www.chess.com"]

[Event "Titled Tuesday Blitz May 9 Late 2023"]
[White "Chemin, Justo Reinaldo"]
[Black "FuenfgegenWilly"]
[WhiteFideId "2101580"]
[WhiteElo "1940"]
[BlackElo "2320"]
[Result "0-1"]
[Round "06"]
[TimeControl "180+2"]
[Date "2023.05.09"]
[WhiteClock "0:00:00"]
[BlackClock "0:00:15"]

1. d4 d5 2. Nf3 Nc6 3. e3 Bg4 4. c4 e6 5. Nc3 Bb4 6. Qb3 Bxc3+ 7. bxc3 dxc4 8. Bxc4 Bxf3 9. gxf3 Na5 10. Qa4+ c6 11. Be2 b5 12. Qb4 Ne7 13. e4 Nb7 14. a4 a6 15. Be3 Qa5 16. Qxa5 Nxa5 17. axb5 axb5 18. O-O O-O 19. f4 f5 20. f3 Kf7 21. Kf2 Nb3 22. Rab1 Ra3 23. Rb2 Na5 24. Rc1 Rb8 25. c4 b4 26. c5 b3 27. Rcb1 Ra2 28. Bd2 Ng6 29. Kg3 h5 30. h4 Ra8 31. Bxa5 R8xa5 32. Bc4 Rxb2 33. Rxb2 Ra4 34. Bxb3 Rxd4 35. exf5 Nxf4 36. fxe6+ Kf6 37. Ra2 Ng6 38. Ra7 Ne7 0-1


[Site "https://www.chess.com"]

[Event "Titled Tuesday Blitz May 9 Late 2023"]
[White "Smiechu"]
[Black "Van Baar, Esper"]
[BlackFideId "1049321"]
[WhiteElo "2317"]
[BlackElo "2180"]
[Result "1-0"]
[Round "06"]
[TimeControl "180+2"]
[Date "2023.05.09"]
[WhiteClock "0:01:15"]
[BlackClock "0:00:00"]

1. e4 c5 2. Nf3 d6 3. d4 cxd4 4. Nxd4 Nf6 5. Nc3 a6 6. Be3 e5 7. Nb3 Be7 8. Qd2 Ng4 9. g3 O-O 10. O-O-O Nxe3 11. Qxe3 Be6 12. Kb1 Nd7 13. f4 f5 14. exf5 Bxf5 15. Bc4+ Kh8 16. Nd5 Rc8 17. Bd3 Bxd3 18. Qxd3 Nf6 19. Nxe7 Qxe7 20. Qxd6 Qxd6 21. Rxd6 exf4 22. gxf4 Rc4 23. f5 Rf4 24. Rb6 Rxf5 25. Rxb7 Ne4 26. a4 g5 27. Nd4 R5f7 28. Rb6 Rf6 29. a5 g4 30. Rb4 h5 31. Ne2 Nd2+ 32. Kc1 Nf3 33. h3 Re6 34. Ng3 h4 35. hxg4 Re1+ 36. Rxe1 Nxe1 37. Ne2 h3 38. g5 Ng2 39. Rb6 h2 40. Rh6+ Kg7 41. Rxh2 Ne3 42. Kd2 Nc4+ 43. Kc3 Nxa5 44. b4 Nc6 45. Kb3 Rf3+ 46. c3 Kg6 47. Rh6+ 1-0


[Site "https://www.chess.com"]

[Event "Titled Tuesday Blitz May 9 Late 2023"]
[White "De Souza, Cristiano Gomes"]
[Black "Hartikainen, Jarmo"]
[WhiteFideId "2151758"]
[BlackFideId "503134"]
[WhiteElo "2068"]
[BlackElo "2091"]
[Result "1-0"]
[Round "06"]
[TimeControl "180+2"]
[Date "2023.05.09"]
[WhiteClock "0:01:05"]
[BlackClock "0:00:00"]

1. d4 Nf6 2. c4 g6 3. Nf3 Bg7 4. Nc3 d5 5. Bf4 O-O 6. e3 c5 7. dxc5 dxc4 8. Bxc4 Nbd7 9. b4 Nh5 10. Rc1 Nxf4 11. exf4 a5 12. a3 axb4 13. axb4 Ra3 14. Nb5 Ra8 15. O-O Nf6 16. Ne5 Bf5 17. Qe2 Qc8 18. Nd4 Be4 19. Rfd1 Bd5 20. c6 bxc6 21. Ndxc6 Bxc6 22. Nxc6 Qb7 23. Nxe7+ Kh8 24. Nd5 Rfe8 25. Qf3 Nxd5 26. Bxd5 1-0


[Site "https://www.chess.com"]

[Event "Titled Tuesday Blitz May 9 Late 2023"]
[White "Horokoskii"]
[Black "Martin Barcelo, Carles"]
[BlackFideId "24561444"]
[WhiteElo "2104"]
[BlackElo "2089"]
[Result "0-1"]
[Round "06"]
[TimeControl "180+2"]
[Date "2023.05.09"]
[WhiteClock "0:00:02"]
[BlackClock "0:00:27"]

1. d4 d5 2. c4 e6 3. Nc3 Nf6 4. cxd5 exd5 5. Bg5 c6 6. Qc2 Be7 7. e3 Nbd7 8. Bd3 Nf8 9. Nge2 Ne6 10. Bh4 g6 11. O-O Ng7 12. f3 O-O 13. Rae1 Be6 14. e4 dxe4 15. fxe4 Ng4 16. Bxe7 Qxe7 17. Nf4 Rad8 18. d5 cxd5 19. exd5 Qc5+ 20. Kh1 Bf5 21. h3 Nf6 22. Qb3 Nfh5 23. Bxf5 Ng3+ 24. Kh2 Nxf1+ 25. Rxf1 Nxf5 26. Ne4 Qe3 27. Qc4 Qd4 28. Qe2 Rfe8 29. Re1 Nd6 30. Ne6 fxe6 31. Qg4 Nxe4 32. Rxe4 Qxd5 33. Qf3 Rf8 34. h4 Rxf3 0-1


[Site "https://www.chess.com"]

[Event "Titled Tuesday Blitz May 9 Late 2023"]
[White "Prohorov, Olexandr"]
[Black "K2JW"]
[WhiteFideId "14105578"]
[WhiteElo "1966"]
[BlackElo "2386"]
[Result "0-1"]
[Round "06"]
[TimeControl "180+2"]
[Date "2023.05.09"]
[WhiteClock "0:00:00"]
[BlackClock "0:00:17"]

1. d4 d5 2. c4 e6 3. Nc3 Nf6 4. Nf3 Be7 5. Bf4 O-O 6. e3 c5 7. cxd5 Nxd5 8. Bg3 Nxc3 9. bxc3 cxd4 10. cxd4 Bb4+ 11. Nd2 Nc6 12. Bd3 e5 13. Qc2 Bxd2+ 14. Qxd2 exd4 15. O-O Be6 16. e4 a5 17. f4 f5 18. e5 Nb4 19. Rfd1 Qd7 20. Bf1 Rfd8 21. a3 Nc6 22. Rab1 a4 23. Bf2 Qe7 24. h3 Bb3 25. Rdc1 Qxa3 26. Bh4 Rd7 27. Bb5 Qa2 28. Rb2 Qa3 29. Bxc6 bxc6 30. Rxc6 Bd5 31. Rcb6 Qe3+ 32. Qxe3 dxe3 33. Kf1 Bc4+ 34. Ke1 e2 35. Rb8+ Rxb8 36. Rxb8+ Kf7 37. Rb1 a3 38. Ra1 a2 39. Bf2 Rb7 40. Bd4 Ke6 41. Kf2 Kd5 42. Ke3 Rb1 43. g4 Rxa1 44. Bxa1 e1=Q+ 0-1


[Site "https://www.chess.com"]

[Event "Titled Tuesday Blitz May 9 Late 2023"]
[White "Chabris, Christopher"]
[Black "ritanovikova"]
[WhiteFideId "2005263"]
[WhiteElo "2334"]
[BlackElo "2189"]
[Result "1-0"]
[Round "06"]
[TimeControl "180+2"]
[Date "2023.05.09"]
[WhiteClock "0:00:17"]
[BlackClock "0:01:00"]

1. e4 d5 2. exd5 Qxd5 3. Nc3 Qd6 4. d4 Nf6 5. Nf3 a6 6. g3 Bg4 7. Bg2 e6 8. Bf4 Qb4 9. O-O Bd6 10. Bxd6 Qxd6 11. h3 Bxf3 12. Qxf3 c6 13. Rad1 O-O 14. Rfe1 Nbd7 15. Qe3 Nb6 16. Ne4 Nxe4 17. Bxe4 g6 18. h4 Nd5 19. Qh6 Nf6 20. Bf3 Rfd8 21. Kg2 Qf8 22. Qg5 Qg7 23. Qc5 Qf8 24. Qe5 Qg7 25. c3 Nd5 26. Qe4 Nf6 27. Qf4 Nd5 28. Qg5 Qf6 29. Re5 Qxg5 30. hxg5 Kg7 31. Rh1 Rh8 32. Re4 h6 33. gxh6+ Rxh6 34. Rxh6 Kxh6 35. c4 Nf6 36. Re1 Rd8 37. Rd1 e5 38. dxe5 Rxd1 39. Bxd1 Nd7 40. f4 Nc5 41. Kf3 Nd3 42. b3 Nc1 43. a3 Na2 44. Ke3 g5 45. Bc2 gxf4+ 46. gxf4 b5 47. Kd4 Nc1 48. Kc5 Ne2 49. f5 Kg5 50. e6 fxe6 51. fxe6 Kf6 52. Kd6 Nd4 53. e7 Nxc2 54. e8=Q Nxa3 55. Qf8+ Kg5 56. Ke5 bxc4 57. Qg7+ Kh4 58. Kf4 1-0


[Site "https://www.chess.com"]

[Event "Titled Tuesday Blitz May 9 Late 2023"]
[White "Phillips, Rene"]
[Black "Stachanczyk, Jacek"]
[WhiteFideId "2056275"]
[BlackFideId "1116657"]
[WhiteElo "2182"]
[BlackElo "2084"]
[Result "1-0"]
[Round "06"]
[TimeControl "180+2"]
[Date "2023.05.09"]
[WhiteClock "0:00:15"]
[BlackClock "0:00:08"]

1. Nf3 g6 2. d4 Nf6 3. Bf4 d6 4. e3 Bg7 5. h3 O-O 6. Nbd2 c5 7. c3 Be6 8. Bc4 Bxc4 9. Nxc4 b5 10. Ncd2 Nd5 11. Bg3 cxd4 12. cxd4 Qb6 13. Qb3 Nf6 14. Rc1 Nbd7 15. O-O Rac8 16. Rc2 Rc6 17. Rfc1 Rfc8 18. Ng5 Rxc2 19. Qxf7+ Kh8 20. Rxc2 Rxc2 21. Ne6 Bf8 22. Nxf8 Nxf8 23. Qxf8+ Ng8 24. Ne4 h6 25. Bf4 Qc6 26. Bxh6 Rc1+ 27. Kh2 Qxe4 28. Qg7# 1-0


[Site "https://www.chess.com"]

[Event "Titled Tuesday Blitz May 9 Late 2023"]
[White "Almedina Ortiz, Edgardo J."]
[Black "Ardila, Oscar Humberto"]
[WhiteFideId "3100197"]
[BlackFideId "4404742"]
[WhiteElo "2217"]
[BlackElo "1918"]
[Result "0-1"]
[Round "06"]
[TimeControl "180+2"]
[Date "2023.05.09"]
[WhiteClock "0:00:00"]
[BlackClock "0:00:44"]

1. d4 Nf6 2. c4 g6 3. Nc3 Bg7 4. e4 d6 5. Nf3 O-O 6. Be2 Nbd7 7. O-O e5 8. d5 Nc5 9. Qc2 a5 10. Ne1 c6 11. Be3 cxd5 12. cxd5 Bd7 13. Nd3 Ncxe4 14. Nxe4 Nxe4 15. Nxe5 Bxe5 16. Qxe4 Bxb2 17. Qf4 Qf6 18. Rab1 Bf5 19. Rxb2 Qxb2 20. Bc4 Qe5 21. Qh4 Qe4 22. Qf6 Qe5 23. Qh4 f6 24. Bd4 Qe4 25. Bxf6 Qxh4 26. Bxh4 Rac8 27. Bb5 Rc5 28. a4 Rf7 29. Bg3 Rf6 30. Re1 Kf7 31. Bh4 Bc2 32. Be8+ Kg7 33. Re7+ Kf8 34. Bxf6 Bxa4 35. Re1 Bxe8 36. Be7+ Kf7 37. Bxd6 Rxd5 38. Bf4 Bc6 39. h4 a4 40. Be5 a3 41. Bc3 Rd3 42. Bb4 a2 0-1


[Site "https://www.chess.com"]

[Event "Titled Tuesday Blitz May 9 Late 2023"]
[White "Celestino, Rafael Teixeira"]
[Black "Kiseljova, Marya"]
[WhiteFideId "2108925"]
[BlackFideId "4155009"]
[WhiteElo "2318"]
[BlackElo "1831"]
[Result "0-1"]
[Round "06"]
[TimeControl "180+2"]
[Date "2023.05.09"]
[WhiteClock "0:01:03"]
[BlackClock "0:01:29"]

1. e4 c5 2. Nf3 Nc6 3. d4 cxd4 4. Nxd4 g6 5. Nc3 Bg7 6. Be3 Nf6 7. Qd2 O-O 8. Be2 d5 9. Nxc6 bxc6 10. exd5 cxd5 11. O-O Re8 12. Rad1 e6 13. Bg5 Qb6 14. Na4 Qc6 15. b3 Ne4 16. Qe3 Nxg5 17. Qxg5 Ba6 18. Bxa6 Qxa6 19. Rfe1 Rac8 20. Rd2 Red8 21. h4 d4 22. h5 Rd5 23. Qe7 Rxh5 24. Re4 Qa5 25. Rde2 Qc7 26. Qb4 Qh2+ 0-1


[Site "https://www.chess.com"]

[Event "Titled Tuesday Blitz May 9 Late 2023"]
[White "KSho99"]
[Black "Kostiukov, Alexandr"]
[BlackFideId "14108100"]
[WhiteElo "2142"]
[BlackElo "2202"]
[Result "0-1"]
[Round "06"]
[TimeControl "180+2"]
[Date "2023.05.09"]
[WhiteClock "0:01:49"]
[BlackClock "0:02:06"]

1. Nf3 c5 2. Nc3 g6 3. d4 cxd4 4. Qxd4 Nf6 5. Qh4 Nc6 6. Bf4 Bg7 7. O-O-O h6 8. Bd2 Qb6 9. e4 g5 10. Qg3 d6 11. Bd3 Nh5 0-1


[Site "https://www.chess.com"]

[Event "Titled Tuesday Blitz May 9 Late 2023"]
[White "Carrasco Miranda, Andres"]
[Black "Oliveira, Tiago Batista"]
[WhiteFideId "3405990"]
[BlackFideId "2108291"]
[WhiteElo "2183"]
[BlackElo "1962"]
[Result "1-0"]
[Round "06"]
[TimeControl "180+2"]
[Date "2023.05.09"]
[WhiteClock "0:01:38"]
[BlackClock "0:00:00"]

1. d4 Nf6 2. c4 g6 3. f3 d6 4. e4 Bg7 5. Nc3 O-O 6. Bg5 c5 7. d5 h6 8. Be3 e6 9. Qd2 Kh7 10. Nge2 a6 11. a4 Qe7 12. Nc1 Nbd7 13. Be2 b6 14. O-O Bb7 15. Nd3 Rad8 16. Rab1 Rfe8 17. Bf2 g5 18. b4 Nh5 19. bxc5 dxc5 20. a5 Nf4 21. Nxf4 gxf4 22. Bd3 e5 23. axb6 Qg5 24. Kh1 Rg8 25. Rg1 Nf6 26. Bxc5 Nh5 27. g4 fxg3 28. Qxg5 hxg5 29. hxg3 Kg6 30. Kg2 Rh8 31. Be3 Nf6 32. c5 1-0


[Site "https://www.chess.com"]

[Event "Titled Tuesday Blitz May 9 Late 2023"]
[White "Dargan, Paul A G"]
[Black "Zampronha, Wladimir Camilo"]
[WhiteFideId "416762"]
[BlackFideId "2103087"]
[WhiteElo "2042"]
[BlackElo "2176"]
[Result "0-1"]
[Round "06"]
[TimeControl "180+2"]
[Date "2023.05.09"]
[WhiteClock "0:00:00"]
[BlackClock "0:01:00"]

1. e4 c5 2. c3 Nf6 3. e5 Nd5 4. d4 cxd4 5. cxd4 e6 6. Nf3 b6 7. Nc3 Bb7 8. Bd3 Nxc3 9. bxc3 Qc7 10. Bd2 d6 11. O-O Nd7 12. Ng5 dxe5 13. Re1 exd4 14. cxd4 Be7 15. Qh5 Bxg5 16. Bxg5 Qd6 17. Rad1 Bd5 18. Qh4 Rc8 19. Bf4 Qe7 20. Bg5 Qd6 21. Bf4 Qa3 22. Re3 Qa4 23. Be2 Qc2 24. Bd6 Nf6 25. Rg3 Qxe2 26. Rf1 Qh5 27. Qf4 Qh6 0-1


[Site "https://www.chess.com"]

[Event "Titled Tuesday Blitz May 9 Late 2023"]
[White "Curtis, John"]
[Black "MunichMouse"]
[WhiteFideId "3200256"]
[WhiteElo "2203"]
[BlackElo "2276"]
[Result "1-0"]
[Round "06"]
[TimeControl "180+2"]
[Date "2023.05.09"]
[WhiteClock "0:00:44"]
[BlackClock "0:00:05"]

1. d4 Nf6 2. Nf3 g6 3. g3 Bg7 4. Bg2 O-O 5. O-O d6 6. c4 Ne4 7. Nbd2 Nxd2 8. Bxd2 e5 9. Bc3 e4 10. Ne1 f5 11. f3 exf3 12. Rxf3 Re8 13. d5 Qe7 14. Bxg7 Qxg7 15. Qd2 Nd7 16. Rc3 Nc5 17. Nd3 Ne4 18. Bxe4 fxe4 19. Nf4 g5 20. Ng2 Bd7 21. c5 Rac8 22. Rac1 dxc5 23. Rxc5 Qe5 24. d6 Qxd6 25. Rxg5+ Kf8 26. Rf1+ Ke7 27. Rg7+ Kd8 28. Qg5+ Re7 29. Rf8+ Be8 30. Rgg8 Kd7 31. Ne3 c6 32. Nf5 Qc5+ 33. Kg2 Re5 34. Rg7+ Ke6 35. Re7+ Kd5 36. Rxe5+ Kxe5 37. Ne7+ Kd4 38. Qxc5+ Kxc5 39. Nxc8 1-0


[Site "https://www.chess.com"]

[Event "Titled Tuesday Blitz May 9 Late 2023"]
[White "Romero Ruscalleda, Josep"]
[Black "Stead, Kerry"]
[WhiteFideId "2231859"]
[BlackFideId "3202577"]
[WhiteElo "2183"]
[BlackElo "1997"]
[Result "1-0"]
[Round "06"]
[TimeControl "180+2"]
[Date "2023.05.09"]
[WhiteClock "0:01:08"]
[BlackClock "0:00:00"]

1. e4 c6 2. Nc3 d5 3. Nf3 dxe4 4. Nxe4 Bg4 5. h3 Bxf3 6. Qxf3 e6 7. c3 Nf6 8. d4 Nxe4 9. Qxe4 Bd6 10. Bd3 Nd7 11. O-O Nf6 12. Qh4 Nd5 13. Bg5 Be7 14. Bxe7 Qxe7 15. Qg3 g6 16. Rfe1 O-O-O 17. a4 Qd6 18. Qf3 f5 19. Re5 Rhe8 20. Rae1 Nf6 21. Qe2 Kd7 22. g4 Nd5 23. Qf3 fxg4 24. Qxg4 Nc7 25. Bc4 Re7 26. h4 Rde8 27. b4 a6 28. Qe4 Nd5 29. Qf3 Kc7 30. Qg3 Kd7 31. Bb3 1-0


[Site "https://www.chess.com"]

[Event "Titled Tuesday Blitz May 9 Late 2023"]
[White "Torres Dominguez, David"]
[Black "Harish, Neeraj"]
[WhiteFideId "2220857"]
[BlackFideId "30958130"]
[WhiteElo "1999"]
[BlackElo "1879"]
[Result "1-0"]
[Round "06"]
[TimeControl "180+2"]
[Date "2023.05.09"]
[WhiteClock "0:00:53"]
[BlackClock "0:00:00"]

1. e4 c5 2. Nc3 Nc6 3. Bb5 Nd4 4. Bc4 e6 5. Nge2 Nf6 6. O-O a6 7. Bb3 d5 8. exd5 exd5 9. d3 Nc6 10. Nf4 d4 11. Ne4 Nxe4 12. Re1 Be7 13. Rxe4 O-O 14. Qh5 g6 15. Nxg6 hxg6 16. Qxg6+ Kh8 17. Qh6+ Kg8 18. Qg6+ Kh8 19. Bxf7 Rxf7 20. Qxf7 Bd7 21. Bh6 Bf6 22. Rae1 Nb4 23. Re7 1-0


[Site "https://www.chess.com"]

[Event "Titled Tuesday Blitz May 9 Late 2023"]
[White "Leschinsky, Gary"]
[Black "Dias, Joao Batista"]
[WhiteFideId "30951321"]
[BlackFideId "2108240"]
[WhiteElo "1855"]
[BlackElo "1907"]
[Result "1-0"]
[Round "06"]
[TimeControl "180+2"]
[Date "2023.05.09"]
[WhiteClock "0:00:12"]
[BlackClock "0:00:00"]

1. e4 e6 2. d4 d5 3. Nc3 Be7 4. e5 c5 5. Nce2 cxd4 6. Nxd4 Nc6 7. f4 Bc5 8. Ngf3 Nge7 9. c3 O-O 10. Be3 b6 11. Qd2 Bb7 12. Bd3 g6 13. g4 Rc8 14. h4 Bxd4 15. cxd4 f5 16. g5 Rf7 17. h5 Na5 18. Qh2 Kf8 19. hxg6 hxg6 20. Qh8+ Ng8 21. Rh7 Qe7 22. Rxf7+ Qxf7 23. Nd2 Qg7 24. Qxg7+ Kxg7 25. Ke2 Ne7 26. Rh1 Nc4 27. b3 Nxe3 28. Kxe3 Nc6 29. Rc1 Nb4 30. Rxc8 Bxc8 31. Bb1 Kf7 32. a3 Nc6 33. Bd3 Na5 34. b4 Nc6 35. Nb1 Ke7 36. Nc3 a5 37. b5 Nd8 38. Na4 Kd7 39. Nxb6+ Kc7 40. Na4 Bd7 41. Nc5 Bc8 42. a4 Kb6 43. Kd2 Nb7 44. Nb3 Nd8 45. Kc3 Bd7 46. Be2 Be8 47. Bf3 Bf7 48. Nc5 Be8 49. Be2 Kc7 50. Bd3 Kb6 51. Na6 Nb7 52. Bc2 Bd7 53. Bb3 Be8 54. Bc2 Bd7 55. Bb1 Be8 56. Nb8 Kc7 57. Na6+ Kb6 58. Bd3 Bd7 59. Nb8 Be8 60. Nc6 Bxc6 61. bxc6 Kxc6 62. Bb5+ Kc7 63. Be8 Nd8 64. Bxg6 Kd7 65. Bh5 Ke7 66. Kd3 Nc6 67. Bd1 Nb4+ 68. Ke3 Nc6 69. Bc2 Kf7 70. Bd3 Nb4 71. Bb5 Nc2+ 72. Kd3 Ne1+ 73. Ke2 Nc2 74. Kd3 Ne1+ 75. Kc3 Ng2 76. Be2 Nxf4 77. Bf3 Ng6 78. Bh5 Kg7 79. Kd2 Ne7 80. Ke3 Nc6 81. Be8 Nb4 82. g6 Nc2+ 83. Kd3 Ne1+ 84. Ke2 Nc2 85. Kd3 Ne1+ 86. Kc3 Nf3 87. Bf7 Ng5 88. Be8 Nf3 89. Kd3 Ng5 90. Ke3 Ne4 91. Kf4 Nd2 92. Bf7 Nb3 93. Bxe6 Nxd4 94. Bxf5 Nc6 95. Bd3 Ne7 96. e6 Kf6 97. g7 Kxe6 98. Bh7 Kd6 99. g8=Q Nxg8 100. Bxg8 Kc5 101. Bf7 Kb4 102. Be8 Kc4 103. Ke3 d4+ 104. Kd2 Kb4 105. Bb5 1-0


[Site "https://www.chess.com"]

[Event "Titled Tuesday Blitz May 9 Late 2023"]
[White "Dmitriev, Sergey"]
[Black "Smith, Garrett L"]
[WhiteFideId "14101785"]
[BlackFideId "2024829"]
[WhiteElo "2132"]
[BlackElo "2230"]
[Result "0-1"]
[Round "06"]
[TimeControl "180+2"]
[Date "2023.05.09"]
[WhiteClock "0:01:28"]
[BlackClock "0:01:30"]

1. d4 Nf6 2. Bf4 g6 3. Nf3 Nh5 4. Bg5 h6 5. Bh4 g5 6. Bg3 Nxg3 7. hxg3 Bg7 8. e4 c5 9. c3 Nc6 10. d5 Ne5 11. Nxe5 Bxe5 12. Bd3 Qc7 13. Qh5 b6 14. Nd2 Bg7 15. O-O d6 16. f4 Bf6 17. Qf3 Bd7 18. Rae1 O-O-O 19. Ba6+ Kb8 20. c4 h5 21. e5 dxe5 22. fxe5 Bxe5 23. Qxf7 Bd4+ 24. Kh1 Qxg3 25. Ne4 Qh4# 0-1


[Site "https://www.chess.com"]

[Event "Titled Tuesday Blitz May 9 Late 2023"]
[White "Escalante Ramirez, Rafael"]
[Black "Panico, Nick"]
[WhiteFideId "3900177"]
[BlackFideId "2026724"]
[WhiteElo "2229"]
[BlackElo "1982"]
[Result "0-1"]
[Round "06"]
[TimeControl "180+2"]
[Date "2023.05.09"]
[WhiteClock "0:00:00"]
[BlackClock "0:01:13"]

1. Nf3 f5 2. d4 Nf6 3. c4 g6 4. g3 Bg7 5. Bg2 O-O 6. O-O d6 7. b3 e5 8. dxe5 dxe5 9. Bb2 e4 10. Nd4 Qe7 11. e3 c5 12. Nc2 Nc6 13. Qe2 Ne5 14. Bxe5 Qxe5 15. Nd2 Be6 16. Rfd1 Rfd8 17. Nf1 Qb2 18. Rdb1 Qc3 19. Rc1 Qd3 20. Qe1 Ng4 21. Rab1 Rd7 22. Na3 a6 23. Rd1 Qc3 24. Rxd7 Bxd7 25. Qxc3 Bxc3 26. Rd1 Be6 27. Nb1 Bf6 28. Rd6 Kf7 29. f3 exf3 30. Bxf3 Ne5 31. Bxb7 Rb8 32. Bxa6 Nxc4 33. Rxe6 Kxe6 34. Bxc4+ Kd6 35. Nbd2 Bg5 36. Kf2 Ra8 37. a4 Re8 38. Nf3 Bh6 39. a5 g5 40. a6 f4 41. exf4 gxf4 42. g4 Bg7 43. N1d2 Kc6 44. g5 Bc3 45. h4 Kb6 46. h5 Rd8 47. Ke2 Rd6 48. Bd3 Rd5 49. g6 hxg6 50. hxg6 Rh5 51. Ne4 Bg7 52. Neg5 Bf6 53. Ne4 Bg7 54. Nd6 Kc6 0-1


[Site "https://www.chess.com"]

[Event "Titled Tuesday Blitz May 9 Late 2023"]
[White "Barria Santos, Jose Guilherme"]
[Black "Silva Rosas, Natalia"]
[WhiteFideId "1939300"]
[BlackFideId "3000575"]
[WhiteElo "2266"]
[BlackElo "1651"]
[Result "1-0"]
[Round "06"]
[TimeControl "180+2"]
[Date "2023.05.09"]
[WhiteClock "0:01:11"]
[BlackClock "0:00:01"]

1. d4 f5 2. Nf3 Nf6 3. g3 g6 4. Bg2 Bg7 5. O-O O-O 6. c4 d6 7. Nc3 c6 8. Qc2 Qe8 9. Rd1 e5 10. dxe5 dxe5 11. e4 f4 12. b3 Na6 13. Ba3 c5 14. Nb5 Bg4 15. h3 Bxf3 16. Bxf3 g5 17. g4 h5 18. Nd6 Qg6 19. Nf5 Rae8 20. Kg2 hxg4 21. hxg4 Nb4 22. Bxb4 cxb4 23. Rd8 Nxg4 24. Bxg4 f3+ 25. Kg1 Rxf5 26. exf5 Qf7 27. Rxe8+ Qxe8 28. f6 Bxf6 29. Qf5 Kg7 30. Rd1 Be7 31. Rd7 e4 32. Qxe4 Kh6 33. Rd6+ Bf6 1-0


[Site "https://www.chess.com"]

[Event "Titled Tuesday Blitz May 9 Late 2023"]
[White "Burke, Paul"]
[Black "Tarnowska, Aleksandra"]
[WhiteFideId "2605767"]
[BlackFideId "1180967"]
[WhiteElo "1913"]
[BlackElo "1776"]
[Result "0-1"]
[Round "06"]
[TimeControl "180+2"]
[Date "2023.05.09"]
[WhiteClock "0:00:00"]
[BlackClock "0:00:42"]

1. e4 c5 2. d4 cxd4 3. c3 d5 4. exd5 Qxd5 5. cxd4 e6 6. Nf3 Nf6 7. Be2 Bb4+ 8. Nc3 O-O 9. O-O Bxc3 10. bxc3 Nc6 11. Bg5 Ne4 12. Bd2 Nxd2 13. Qxd2 Na5 14. Rfc1 b6 15. c4 Qf5 16. Bd3 Qh5 17. Qg5 Qxg5 18. Nxg5 h6 19. Ne4 Ba6 20. Nd6 Rfd8 21. Nb5 Bxb5 22. cxb5 Rxd4 23. Be2 Rad8 24. h3 R4d7 25. Rd1 Rxd1+ 26. Bxd1 Nc4 27. Rc1 Na3 28. Be2 Rd2 29. Rc8+ Kh7 30. Bf3 Nxb5 31. Rf8 Kg6 32. Be4+ Kf6 33. Bc6 Nd6 34. a4 Rc2 35. Bf3 Rc4 36. Rd8 Ne4 37. a5 bxa5 38. Rd7 Rc1+ 39. Kh2 Nxf2 40. Rxa7 Ra1 41. Bc6 Nd3 42. Be8 Ne5 43. Bb5 g5 0-1


[Site "https://www.chess.com"]

[Event "Titled Tuesday Blitz May 9 Late 2023"]
[White "Maluco_do_Natal_00"]
[Black "Mirzoev, Azer"]
[BlackFideId "13400304"]
[WhiteElo "2029"]
[BlackElo "2525"]
[Result "0-1"]
[Round "06"]
[TimeControl "180+2"]
[Date "2023.05.09"]
[WhiteClock "0:00:00"]
[BlackClock "0:01:09"]

1. e4 c5 2. Nf3 e6 3. d4 cxd4 4. Nxd4 a6 5. c4 g6 6. Nc3 Bg7 7. Be3 Ne7 8. Qd2 O-O 9. Bh6 Nbc6 10. Bxg7 Kxg7 11. Be2 d5 12. cxd5 exd5 13. exd5 Nxd5 14. O-O-O Nxc3 15. Qxc3 Nxd4 16. Qxd4+ Qxd4 17. Rxd4 Be6 18. b3 Rac8+ 19. Kb2 Rc7 20. Rhd1 Rfc8 21. R1d2 h5 22. h4 Bf5 23. Bd3 Rc5 24. g3 R8c7 25. Bxf5 Rxf5 26. f4 Rfc5 27. R4d3 Kf6 28. Re2 Kf5 29. Rf2 Kg4 30. Re2 R5c6 31. Re5 Rc2+ 32. Ka3 f5 33. Re6 R7c6 34. Ree3 Rg2 35. Kb4 Rxa2 36. Re7 b6 37. Red7 Rg2 38. R7d6 a5+ 39. Kb5 Rxd6 40. Rxd6 Rxg3 41. Rxg6+ Kxf4 0-1


[Site "https://www.chess.com"]

[Event "Titled Tuesday Blitz May 9 Late 2023"]
[White "Manon-og, Ramon Jr."]
[Black "James, Stuart"]
[WhiteFideId "5200776"]
[BlackFideId "7400489"]
[WhiteElo "2293"]
[BlackElo "1950"]
[Result "0-1"]
[Round "06"]
[TimeControl "180+2"]
[Date "2023.05.09"]
[WhiteClock "0:01:10"]
[BlackClock "0:02:04"]

1. d4 Nf6 2. Bf4 d6 3. e3 Nbd7 4. Nf3 g6 5. Bd3 Bg7 6. h3 O-O 7. O-O Re8 8. Nbd2 e5 9. dxe5 dxe5 10. Bg3 e4 11. Bc4 exf3 12. Nxf3 Nb6 13. Qxd8 Rxd8 14. Bb3 Be6 15. Bxe6 fxe6 16. Bxc7 Rdc8 17. Bxb6 axb6 18. c3 Ne4 19. Rfd1 Rd8 20. Rxd8+ Rxd8 21. a4 Nc5 22. Ra3 Ra8 23. b4 Rxa4 24. Rxa4 Nxa4 25. c4 Nb2 26. c5 bxc5 27. bxc5 Nd3 28. Nd4 Nxc5 29. Kf1 Bxd4 30. exd4 Nb3 31. Ke2 Nxd4+ 32. Kd3 e5 33. Ke4 b5 34. Kxe5 Nc6+ 35. Kd5 b4 36. Kc4 Kf7 37. g4 g5 38. f3 Kf6 39. Kb3 Ke5 40. Kc4 Kf4 41. Kb3 Kxf3 42. Kc4 Kg3 43. Kb3 Kxh3 44. Kc4 Kxg4 45. Kb3 Kf3 46. Kc4 g4 47. Kb3 g3 48. Kc4 g2 49. Kb3 g1=R 50. Kc4 h5 51. Kb3 h4 52. Kc4 h3 53. Kb3 h2 54. Kc4 h1=R 55. Kb3 Ke4 56. Kc4 Rc1+ 57. Kb3 Rh3+ 58. Ka4 b3 59. Kb5 b2 60. Kb6 b1=Q+ 61. Kc7 Ne5+ 62. Kd6 Rh6+ 63. Ke7 Rc7+ 64. Kf8 Qb8# 0-1


[Site "https://www.chess.com"]

[Event "Titled Tuesday Blitz May 9 Late 2023"]
[White "Vargas, Mauricio"]
[Black "Chessadiction1990"]
[WhiteFideId "4404572"]
[WhiteElo "1986"]
[BlackElo "2148"]
[Result "1-0"]
[Round "06"]
[TimeControl "180+2"]
[Date "2023.05.09"]
[WhiteClock "0:01:00"]
[BlackClock "0:00:00"]

1. e4 c5 2. Nc3 Nc6 3. f4 g6 4. Nf3 Bg7 5. Bb5 d6 6. Bxc6+ bxc6 7. O-O e6 8. d3 Ne7 9. Qe1 O-O 10. Rb1 d5 11. e5 Nf5 12. b3 Nd4 13. Rf2 f6 14. Na4 Qe7 15. Ba3 Nxf3+ 16. Rxf3 fxe5 17. Bxc5 Qc7 18. Bxf8 Bxf8 19. Qxe5 Bd6 20. Qf6 Bd7 21. Qh4 Rf8 22. Rbf1 c5 23. c4 Bc6 24. Rh3 Bxf4 25. Rhf3 g5 26. Qg4 Bxh2+ 27. Kh1 Rxf3 28. Qxg5+ Kh8 29. Rxf3 Bd6 30. Qf6+ Qg7 31. Qxg7+ Kxg7 32. Re3 Kf6 33. Re1 1-0


[Site "https://www.chess.com"]

[Event "Titled Tuesday Blitz May 9 Late 2023"]
[White "dorpato"]
[Black "Sanchez, Robert"]
[BlackFideId "2034360"]
[WhiteElo "2009"]
[BlackElo "1861"]
[Result "1-0"]
[Round "06"]
[TimeControl "180+2"]
[Date "2023.05.09"]
[WhiteClock "0:00:17"]
[BlackClock "0:02:10"]

1. e4 e6 2. d4 d5 3. e5 b6 4. c3 Qd7 5. Nf3 Ba6 6. Bxa6 Nxa6 7. Qe2 Nb8 8. b3 c5 9. Bb2 Nc6 10. O-O Nh6 11. Na3 Be7 12. Nc2 O-O 13. Rac1 cxd4 14. cxd4 Nf5 15. Ne3 Nxe3 16. Qxe3 Rac8 17. Qf4 Nb4 18. Ra1 h6 19. Bc1 Qb5 20. Qg3 Kh8 21. Qh3 Qd3 22. Be3 Qe4 23. Rfe1 Nc2 1-0


[Site "https://www.chess.com"]